 Dungeon Crawl Stone Soup version 0.32-a0-473-gd044c6f0f0 (webtiles) character file.

Game seed: 17424754189556649183

2 Mirun the Trooper (level 1, 0/18 HPs)
             Began as a Mummy Cinder Acolyte on Feb 25, 2024.
             Was a High Priest of Ignis.
             Slain by a quokka (1 damage)
             ... on level 1 of the Dungeon.
             The game lasted 00:01:29 (63 turns).

Mirun the Trooper (Mummy Cinder Acolyte)              Turns: 63, Time: 00:01:40

Health: 0/18       AC:  2    Str: 17    XL:     1   Next: 33%
Magic:  2/2        EV: 11    Int: 13    God:    Ignis [*****.]
Gold:   6          SH:  0    Dex:  7    Spells: 2/2 levels left

rFire   . . .        a - -1 short sword (flame)
rCold   + . .        (no shield)
rNeg    + + +        b - +0 robe
rPois   ∞            (no helmet)
rElec   .            (no cloak)
rCorr   .            (no gloves)
SInv    .            (no boots)
Will    .....        (no amulet)
Stlth   +            (no ring)
HPRegen 0.23/turn    (no ring)
MPRegen 0.08/turn

%: faith
@: no status effects
A: cold resistance 1, negative energy resistance 3, torment resistance 2, heat
vulnerability 1, in touch with death 1, no potions, faith
a: Renounce Religion, Fiery Armour, Foxfire Swarm, Rising Flame


You were on level 1 of the Dungeon.
You worshipped Ignis.
Ignis was extremely pleased with you.
You visited 1 branch of the dungeon, and saw 1 of its levels.

You collected 6 gold pieces.

Inventory:

Hand Weapons
 a - a -1 short sword of flaming (weapon)
Armour
 b - a +0 robe (worn)


   Skills:
 + Level 3.0 Fighting
 + Level 2.5 Short Blades
 + Level 1.3 Spellcasting
 + Level 2.4 Fire Magic


You had 2 spell levels left.
You didn't know any spells.
Your spell library contained the following spells:

 Spells                   Type           Power      Damage    Failure   Level
 Scorch                   Fire           14%        2d5       16%         2


Dungeon Overview and Level Annotations

Branches:
Dungeon (1/15)

Altars:


Innate Abilities, Weirdness & Mutations

You are immune to poison.
Your flesh is cold resistant. (rC+)
You are immune to negative energy. (rN+++)
You are immune to unholy pain and torment.
You are vulnerable to heat. (rF-)
You are in touch with the powers of death.
You do not drink.
You have a special connection with the divine. (Faith)


Message History

You hit the kobold but do no damage. The kobold hits you but does no damage.
The goblin hits you but does no damage.
You hit the kobold. You burn the kobold.
You kill the kobold!
The goblin hits you but does no damage. The goblin hits you with a +0 dagger.
Things that are here:
a +0 whip; a kobold corpse You closely miss the goblin.
You hit the goblin. You burn the goblin.
You kill the goblin!
You see here a +0 dagger.
Things that are here:
a +0 whip; a kobold corpse You see here a +0 dagger.
Things that are here:
a +0 whip; a kobold corpse You see here a +0 dagger.
You now have 6 gold pieces.
A quokka comes into view.
The quokka barely misses you.
You see here a +0 flail.
The quokka attacks as it pursues you! The quokka bites you.
You see here 13 gold pieces.
You barely miss the quokka. The quokka bites you.
You hit the quokka but do no damage. The quokka bites you.
You hit the quokka but do no damage. The quokka completely misses you.
You closely miss the quokka. The quokka bites you.
* * * LOW HITPOINT WARNING * * *
You hit the quokka. You burn the quokka.
The quokka is severely wounded.
The quokka bites you.
* * * LOW HITPOINT WARNING * * *
You barely miss the quokka.
The quokka is severely wounded.
The quokka bites you.
* * * LOW HITPOINT WARNING * * *
The quokka bites you.
You die...
Ignis goes out, and joins you in death.

...##........P...P.#
.......†.......)..## #.
...###.........)...###....
........##.................
........##..........###....
#...#....#.............# #.
##...#.............##..r#
#..#...?#........## ....
##. .##.....@r)...# ##.
##..........#
#............#
..............##
.##.............
##.............
##.........### ######....#


You could see a quokka.

Vanquished Creatures
  A goblin (D:1)
  A kobold (D:1)
  A rat (D:1)
3 creatures vanquished.

Notes
Turn   | Place    | Note
-------+----------+-------------------------------------------
     0 | D:1      | Mirun the Mummy Cinder Acolyte began the quest for the Orb.
     0 | D:1      | Reached XP level 1. HP: 18/18 MP: 2/2
    63 | D:1      | Slain by a quokka

Illustrated notes

Levels and vault maps discovered:
D:1:      dpeg_arrival_orchard, layout_rooms, minmay_cupped

Action                     || total
---------------------------++-------
  Melee: Short sword       ||    13
 Armour: Robe              ||    14
  Dodge: Dodged            ||     4

Table legend: (Time is in decaauts)
 A = Elapsed time spent in this place.
 B = Non-inter-level travel time spent in this place.
 C = Inter-level travel time spent in this place.
 D = Time resting spent in this place.
 E = Time spent auto-exploring this place.
 F = Levels seen in this place.
 G = Mean time per level.
                   A        B        C        D        E       F      G
               +--------+--------+--------+--------+--------+-----+--------+
         Total |     61 |     61 |      0 |      0 |      0 |   1 |   61.0 |
       Dungeon |     61 |     61 |      0 |      0 |      0 |   1 |   61.0 |
               +--------+--------+--------+--------+--------+-----+--------+

Top non-repeatable levels by time:
     D:1: 61 daAuts
